 Seeded DCSS version 0.28-a0-1356-g2ad6d04315 (webtiles) character file.

Game seed: 12130800008223909736 (custom seed)

516 croobank the Shield-Bearer (level 7, 0/41 HPs)
             Began as an Octopode Earth Elementalist on Dec 30, 2021.
             Was an Initiate of Gozag.
             Slain by a quasit (1 damage)
             ... summoned by Eustachio
             ... on level 4 of the Dungeon.
             The game lasted 00:20:25 (5734 turns).

croobank the Shield-Bearer (OpEE)                   Turns: 5734, Time: 00:20:25

Health: 0/41       AC:  1    Str:  9      XL:     7   Next: 20%
Magic:  9/10       EV: 11    Int: 17      God:    Gozag
Gold:   35         SH: 13    Dex: 12 (13) Spells: 7/10 levels left

rFire   + . .      SeeInvis .   a - +0 trident
rCold   + . .      Faith    .   o - +4 kite shield {rC+ rF+}
rNeg    . . .      Spirit   .   (helmet restricted)
rPois   .          Reflect  .   (no amulet)
rElec   .          Harm     .   f - ring of wizardry
rCorr   .          Rampage  .   (no ring)
Will    .....                   (no ring)
Stlth   +++.......              (no ring)
HPRegen 0.13/turn               (no ring)
MPRegen 0.12/turn               (no ring)
                                (no ring)
                                (no ring)

@: mighty
A: almost no armour, amphibious, 8 rings, camouflage 1, gelatinous body 1,
(nimble swimmer 1), tentacles
a: Renounce Religion, Potion Petition, Call Merchant, Bribe Branch


You were on level 4 of the Dungeon.
You worshipped Gozag.
Gozag was noncommittal.
You visited 2 branches of the dungeon, and saw 6 of its levels.

You collected 193 gold pieces.
You spent 93 gold pieces at shops.
You paid 65 gold pieces to Gozag.

Inventory:

Hand Weapons
 a - a +0 trident (weapon)
 b - a +0 hunting sling
 h - a +0 spear
 r - a +1 dagger of draining
Missiles
 d - 38 poisoned darts
 g - 18 bolts
 n - 34 arrows
 s - 70 stones
Armour
 o - a +4 kite shield of resistance (worn)
Magical Staves
 k - a staff of earth
Jewellery
 f - a ring of wizardry (left tentacle)
Wands
 p - a wand of flame (17)
Scrolls
 c - a scroll of vulnerability {vulnerability, unknown}
 e - a scroll of teleportation {teleport, unknown}
 l - 3 scrolls of identify {identify, unknown}
Potions
 i - a potion of curing {curing}
 j - a potion of degeneration {degeneration, unknown}
 q - a potion of cancellation {cancellation, unknown}


   Skills:
 - Level 0.6 Polearms
 - Level 2.5 Dodging
 - Level 3.5 Stealth
 + Level 6.1 Shields
 - Level 2.4 Spellcasting
 - Level 1.7 Transmutations
 - Level 3.4 Earth Magic


You had 7 spell levels left.
You knew the following spells:

 Your Spells              Type           Power      Damage    Failure   Level
a - Sandblast             Erth           26%        2d8       6%          1
b - Passwall              Tmut/Erth      8%         N/A       12%         2

Your spell library contained the following spells:

 Spells                   Type           Power      Damage    Failure   Level
 Stone Arrow              Conj/Erth      14%        3d7       32%         3
 Petrify                  Tmut/Erth      10%        N/A       58%         4


Dungeon Overview and Level Annotations

Branches:
Dungeon (5/15)             Temple (1/1) D:4

Altars:
Ashenzari
Cheibriados
Dithmenos
Elyvilon
Fedhas
Gozag
Hepliaklqana
Kikubaaqudgha
Makhleb
Nemelex Xobeh
Okawaru
Ru
Sif Muna
Trog
Uskayaw
Vehumet
Wu Jian
Yredelemnul
Zin
The Shining One

Shops:
D:1 *   D:2 =   D:3 !

Annotations:
D:4 Eustachio


Innate Abilities, Weirdness & Mutations

You cannot wear most types of armour.
You are amphibious.
You can wear up to eight rings at the same time.
Your skin changes colour to match your surroundings (Stealth+).
Your rubbery body absorbs attacks. (AC +1, EV +1)
((You are camouflaged when in or above water. (Stealth+)))
You have tentacles for arms and can constrict up to eight enemies at once.


Message History

The quasit claws you. The rat closely misses you.
The ufetubus barely misses you. The ufetubus hits you.
You barely miss Eustachio.
Eustachio is moderately wounded.
You constrict Eustachio. You block the quasit's attack. x2
The quasit claws you. Eustachio hits you with a +0 rapier!
You block the crimson imp's attack. The ufetubus barely misses you.
The ufetubus hits you.
* * * LOW HITPOINT WARNING * * *
The rat bites you.
* * * LOW HITPOINT WARNING * * *
The quasit misses you. The quasit barely misses you.
The quasit completely misses you. Eustachio hits you with a +0 rapier!
* * * LOW HITPOINT WARNING * * *
The crimson imp misses you.
The ufetubus hits you but does no damage.
The ufetubus barely misses you.
Okay, then.
Okay, then.
You feel better.
You constrict Eustachio. You block the rat's attack.
You block the ufetubus's attack. The ufetubus hits you.
* * * LOW HITPOINT WARNING * * *
You block the quasit's attack. The quasit claws you.
* * * LOW HITPOINT WARNING * * *
The quasit claws you but does no damage.
Eustachio hits you with a +0 rapier!
* * * LOW HITPOINT WARNING * * *
The crimson imp hits you but does no damage.
Casting: Sandblast (safe; 6% risk of failure)
Confirm with . or Enter, or press ? or * to list all spells.
Aiming: Sandblast (safe; 6% risk of failure)
Press: ? - help, Shift-Dir - straight line, f - Eustachio
Aim: Eustachio, wielding a +0 rapier and wearing a +0 leather armour (heavily wounded, constricted by you, 100% to hit)
The blast of sand hits Eustachio.
Eustachio is heavily wounded.
You constrict Eustachio. You block the ufetubus's attack.
The ufetubus hits you but does no damage.
The quasit barely misses you. The quasit claws you.
You die...
Your body crumbles into a pile of gold.

$ ##########
#........#
#.55r....#####
#.5@@........#
#........###
........###...#
.....###.#
###.# .###. #.#
#.# # #.# #.#
..# #.#
#######.#
#.......#


You could see Eustachio, a quasit (summoned), a crimson imp (summoned), an
ufetubus (summoned) and a rat (summoned).

Vanquished Creatures
  Sigmund (D:3)
  A phantom (D:4)
  A scorpion (D:5)
  An orc wizard (D:4)
  Ijyb (D:3)
  A scorpion zombie (D:5)
  7 adders
  An ufetubus (D:4)
  A worm (D:3)
  A dart slug (D:1)
  6 orcs
  5 endoplasms
  4 giant cockroaches
  4 goblins
  5 hobgoblins
  4 jackals (D:4)
  5 quokkas
  7 ball pythons
  6 bats
  3 frilled lizards (D:1)
  2 kobolds (D:1)
  5 rats
72 creatures vanquished.

Vanquished Creatures (others)
  An adder (D:4)
  2 fungi (D:2)
  5 plants (D:2)
8 creatures vanquished.

Grand Total: 80 creatures vanquished

Notes
Turn   | Place    | Note
-------+----------+-------------------------------------------
     0 | D:1      | croobank the Octopode Earth Elementalist began the quest
                  | for the Orb.
     0 | D:1      | Reached XP level 1. HP: 11/11 MP: 3/3
   655 | D:1      | Reached XP level 2. HP: 16/17 MP: 5/5
  1167 | D:1      | Learned a level 2 spell: Passwall
  1248 | D:1      | Found Wisoshren's General Store.
  1494 | D:1      | Bought 21 stones for 23 gold pieces
  1732 | D:1      | Reached XP level 3. HP: 21/21 MP: 4/6
  2096 | D:3      | Noticed Ijyb
  2546 | D:2      | Found a faded altar of an unknown god.
  2553 | D:2      | Found Tueluf's Jewellery Shoppe.
  2566 | D:2      | Reached XP level 4. HP: 10/27 MP: 4/7
  3366 | D:3      | Found Couciofe's Distillery.
  3623 | D:3      | Killed Ijyb
  3624 | D:3      | Reached skill level 1 in Shields
  3803 | D:3      | Noticed Sigmund
  3812 | D:3      | Killed Sigmund
  3813 | D:3      | Reached skill level 4 in Shields
  3813 | D:3      | Reached XP level 5. HP: 21/31 MP: 8/8
  3813 | D:3      | Reached XP level 6. HP: 24/36 MP: 9/9
  4100 | D:3      | Bought a potion of heal wounds for 70 gold pieces
  4199 | D:4      | Reached skill level 5 in Shields
  4818 | D:5      | Entered Level 5 of the Dungeon
  4835 | D:5      | Reached XP level 7. HP: 4/41 MP: 6/10
  5044 | D:5      | Found a sparkling altar of Nemelex Xobeh.
  5057 | D:5      | Reached skill level 6 in Shields
  5279 | D:4      | Identified the +0 pair of gloves of the Constellations {rF+
                  | rC++ Dex+4}
  5365 | D:4      | Found a staircase to the Ecumenical Temple.
  5374 | Temple   | Entered the Ecumenical Temple
  5398 | Temple   | Became a worshipper of Gozag Ym Sagoz the Greedy
  5718 | D:4      | Noticed Eustachio
  5732 | D:4      | HP: 2/41 [Eustachio (8)]
  5734 | D:4      | Slain by a quasit

Illustrated notes

Levels and vault maps discovered:
D:1:      grunt_arrival_crossed_arrows, layout_loops_ring, serial_shops, shop,
          chequers_serial_rivers_micro_b
D:2:      layout_basic, serial_shops, shop,
          shapermc_ecumenical_altar_mp_urbaneastern
D:3:      layout_loops_cross, serial_shops, shop_statue, uniq_ijyb, uniq_sigmund
D:4:      layout_basic, lemuel_temple_firewalk_a, ebering_ghost_reflecting_pool,
          uniq_eustachio, uniq_duvessa
D:5:      layout_loops_cross, mainiacjoe_overflow_paths
Temple:   mainiacjoe_temple_bowtie_tessellation

Skill      XL: |  1  2  3  4  5  6  7 |
---------------+----------------------+-----
Stealth        | 3 |  3.5
Shields        | 4 5 6 |  6.1
Polearms       | |  0.6
Dodging        | |  2.5
Spellcasting   | |  2.4
Transmutations | |  1.7
Earth Magic    | |  3.4

Action                   |  1- 3 |  4- 6 |  7- 9 || total
-------------------------+-------+-------+-------++-------
Melee: Unarmed           |    41 |       |       ||    41
       Constrict         |    15 |    15 |     3 ||    33
       Tentacles         |    14 |    20 |     5 ||    39
       Spear             |    26 |       |       ||    26
       Trident           |     6 |    86 |     6 ||    98
       Staff             |     3 |       |    14 ||    17
 Cast: Sandblast         |    30 |     3 |    13 ||    46
  Use: Scroll            |       |     3 |       ||     3
       Potion            |       |     3 |     3 ||     6
 Stab: Sleeping          |    13 |     5 |     2 ||    20
Armor: Skin              |     8 |     3 |     5 ||    16
Dodge: Dodged            |    57 |    29 |    19 ||   105
Block: Kite shield       |       |    53 |    29 ||    82

Table legend: (Time is in decaauts)
 A = Elapsed time spent in this place.
 B = Non-inter-level travel time spent in this place.
 C = Inter-level travel time spent in this place.
 D = Time resting spent in this place.
 E = Time spent auto-exploring this place.
 F = Levels seen in this place.
 G = Mean time per level.
                   A        B        C        D        E       F      G
               +--------+--------+--------+--------+--------+-----+--------+
         Total |   5787 |   5670 |    117 |   2754 |   1568 |   6 |  964.5 |
       Dungeon |   5574 |   5478 |     96 |   2754 |   1393 |   5 | 1114.8 |
        Temple |    212 |    191 |     21 |      0 |    175 |   1 |  212.0 |
               +--------+--------+--------+--------+--------+-----+--------+

Top non-repeatable levels by time:
     D:1: 1839 daAuts
     D:4: 1273 daAuts
     D:2: 1180 daAuts
     D:3: 1125 daAuts
  Temple: 212 daAuts
     D:5: 155 daAuts
